 Dungeon Crawl Stone Soup version 0.20-a0-522-g0b37eee (webtiles) character file.

158 polly the Shield-Bearer (level 5, 0/33 HPs)
             Began as a Gargoyle Fighter on Jan 26, 2017.
             Slain by a frilled lizard (2 damage)
             ... in a sewer.
             The game lasted 00:03:40 (1633 turns).

polly the Shield-Bearer (Gargoyle Fighter)          Turns: 1633, Time: 00:03:41

Health: 0/33       AC: 16    Str: 26    XL:     5   Next: 40%
Magic:  5/5        EV:  5    Int:  8    God:
Gold:   74         SH: 10    Dex:  9    Spells: 4/4 levels left

rFire    . . .     SeeInvis .   a - +0 flail
rCold    . . .     Gourm    .   e - +0 plate armour
rNeg     + . .     Faith    .   c - +0 shield
rPois    ∞         Spirit   .   (no helmet)
rElec    +         Reflect  .   (no cloak)
rCorr    .         Harm     .   r - +0 pair of gloves
MR       .....                  (no boots)
Stlth    ..........             (no amulet)
Regen    0.2/turn               (no ring)
                                (no ring)

@: mighty
A: negative energy resistance 1, electricity resistance, unbreathing,
petrification resistance, rot immunity, AC +4
a: no special abilities


You were in a sewer.
You were very hungry.

You visited 1 branch of the dungeon, and saw 3 of its levels.
You also visited: Sewer.

You collected 74 gold pieces.

Inventory:

Hand Weapons
 a - a +0 flail (weapon)
Armour
 c - a +0 shield (worn)
 e - a +0 plate armour (worn)
 r - a +0 pair of gloves (worn)
Scrolls
 b - a scroll of immolation {unknown}
 h - a scroll of recharging {unknown}
 i - a scroll of amnesia {unknown}
 j - a scroll of fear {unknown}
 k - 2 scrolls of remove curse {unknown}
 m - a scroll of teleportation {unknown}
 o - a scroll of fog {unknown}
 p - 2 scrolls of identify {unknown}
 q - a scroll of magic mapping {unknown}
Potions
 l - a potion of heal wounds {unknown}
 n - a potion of ambrosia {unknown}
 s - 2 potions of flight {unknown}
Comestibles
 f - 2 bread rations
 g - 3 royal jellies
 t - a meat ration
 u - 2 chunks of flesh


   Skills:
 + Level 3.8 Fighting
 + Level 3.2 Maces & Flails
 + Level 3.8 Armour
 + Level 0.1 Dodging
 + Level 0.2 Stealth
 + Level 4.9 Shields


You had 4 spell levels left.
You didn't know any spells.

Dungeon Overview and Level Annotations

Branches:
Dungeon (3/15)

Altars:
Ashenzari
Cheibriados
Ru


Innate Abilities, Weirdness & Mutations

You are resistant to torment.
Your stone body is resilient. (AC +4)
You are immune to poison.
You resist negative energy. (rN+)
You are resistant to electric shocks. (rElec)
You can survive without breathing.
You are immune to petrification.
You are immune to rotting.


Message History

The giant cockroach is heavily wounded.
You block the giant cockroach's attack. The frilled lizard barely misses you.
The frilled lizard bites you but does no damage.
The giant cockroach bites you but does no damage.
You block the frilled lizard's attack. The frilled lizard closely misses you.
You bludgeon the giant cockroach!!
You kill the giant cockroach!
The frilled lizard bites you but does no damage.
You block the frilled lizard's attack.
You see here a giant cockroach corpse.
You closely miss the frilled lizard. The frilled lizard barely misses you.
The frilled lizard bites you but does no damage.
Your shield and plate armour prevent you from hitting the frilled lizard.
You block the frilled lizard's attack. x2
You closely miss the frilled lizard.
The frilled lizard bites you but does no damage.
The frilled lizard bites you.
* * * LOW HITPOINT WARNING * * *
The frilled lizard bites you.
You die...

##### ##
##...##
####.##.....##
.≈≈..........#
≈≈......l@...#
≈.####.l....#
###.∩### ####


You could see 2 frilled lizards.

Vanquished Creatures
  9 adders
  2 worms
  A dart slug (D:2)
  2 leopard geckos
  6 giant cockroaches
  2 goblins (D:1)
  6 hobgoblins
  13 jackals
  7 kobolds
  2 ball pythons
  8 bats
  2 frilled lizards
  9 rats
69 creatures vanquished.

Notes
Turn   | Place    | Note
-------+----------+-------------------------------------------
     0 | D:1      | polly the Gargoyle Fighter began the quest for the Orb.
     0 | D:1      | Reached XP level 1. HP: 14/14 MP: 1/1
   100 | D:1      | Reached XP level 2. HP: 19/19 MP: 2/2
   606 | D:1      | Reached skill level 4 in Shields
   626 | D:1      | Reached XP level 3. HP: 17/23 MP: 3/3
   775 | D:2      | Found a shattered altar of Ashenzari.
   775 | D:2      | Found a snail-covered altar of Cheibriados.
   778 | D:2      | Found a sacrificial altar of Ru.
  1104 | D:2      | Reached XP level 4. HP: 15/29 MP: 4/4
  1549 | D:3      | Found a glowing drain.
  1561 | D:3      | Reached XP level 5. HP: 26/33 MP: 5/5
  1605 | Sewer    | Entered a sewer
  1633 | Sewer    | Slain by a frilled lizard

Vault maps used:
D:1:      dpeg_arrival_renting
D:2:      minitemple, kennysheep_small_spiral
D:3:      fedhas_altar_fruit_tree, gup_sewer_entry_glass, serial_forest,
          infiniplex_forest_straight_1, infiniplex_forest_lined_corner,
          infiniplex_forest_lined_room_2, infiniplex_forest_clump_diagonal,
          mrwooster_statue_mirror
Sewer:    sewer_fruit_machine

Skill      XL: |  1  2  3  4 |
---------------+-------------+-----
Shields        | 4 |  4.9
Maces & Flails | 3 |  3.2
Fighting       | |  3.8
Armour         | |  3.8
Dodging        | |  0.1
Stealth        | |  0.2

Action                   |  1- 3 |  4- 6 || total
-------------------------+-------+-------++-------
Melee: Flail             |   202 |   143 ||   345
  Use: Potion            |       |     1 ||     1
  Eat: Chunk             |     1 |     1 ||     2
Armor: Scale mail        |    36 |       ||    36
       Plate armour      |   196 |   179 ||   375
Dodge: Dodged            |    61 |    45 ||   106
Block: Shield            |   143 |   123 ||   266
